 Dungeon Crawl Stone Soup version 0.16.1-18-g436b03c (webtiles) character file.

1192 EmilioHeskey the Ruffian (level 8, -2/80 HPs)
             Began as a Troll Monk on May 1, 2015.
             Was a Believer of Qazlal.
             Slain by a killer bee (8 damage)
             ... on level 5 of the Dungeon.
             The game lasted 00:07:14 (3165 turns).

EmilioHeskey the Ruffian (Troll Monk)               Turns: 3165, Time: 00:07:15

Health: -2/80      AC:  6    Str: 20    XL:     8   Next: 20%
Magic:  4/4        EV: 12    Int:  6    God:    Qazlal [**....]
Gold:   172        SH:  3    Dex: 14    Spells: 0 memorised, 7 levels left

rFire  . . .     SeeInvis .       - Unarmed
rCold  . . .     Clarity  .     a - +1 robe
rNeg   . . .     SustAb   .     (shield restricted)
rPois  .         Gourm    +     (helmet restricted)
rElec  .         Spirit   .     (no cloak)
rCorr  .         Warding  .     (gloves unavailable)
rMut   .         Stasis   .     (boots unavailable)
MR     .....                    (no amulet)
Stlth  +.........               (no ring)
                                (no ring)

@: lethally poisoned (-2 -> -3), about to teleport, not resistant to hostile
enchantments, very unstealthy
A: unfitting armour, claws 3, fast metabolism 3, gourmand, regeneration 2,
shaggy fur 1, tough skin 2
a: Upheaval, Renounce Religion


You were on level 5 of the Dungeon.
You worshipped Qazlal.
Qazlal was pleased with you.
You were hungry.

You visited 1 branch of the dungeon, and saw 5 of its levels.

You collected 172 gold pieces.

Inventory:

Armour
 a - a +1 robe (worn)
Jewellery
 j - an uncursed ring of protection from fire
Magical devices
 g - a wand of teleportation (7)
Scrolls
 c - 2 scrolls of enchant armour
 d - 5 scrolls of identify
 e - a scroll of teleportation
 h - a scroll of random uselessness
 m - 2 scrolls of magic mapping
 u - a scroll of recharging
Potions
 i - 2 potions of curing
 k - 3 potions of restore abilities {unknown}
 n - 2 potions of flight {unknown}
 p - a potion of might {unknown}
 q - a potion of invisibility {unknown}
 s - a potion of resistance {unknown}
 v - a potion of agility {unknown}
Comestibles
 b - 3 meat rations
 f - a beef jerky
 l - 4 bread rations
 o - 3 fruits
 r - 3 royal jellies


   Skills:
 + Level 5.2 Fighting
 + Level 5.4 Dodging
 - Level 1.1 Stealth
 + Level 6.6 Unarmed Combat
 + Level 1.5 Invocations


You had 7 spell levels left.
You didn't know any spells.

Dungeon Overview and Level Annotations

Branches:
Dungeon (5/15)
 Temple: D:4-7

Altars:
Ashenzari
Fedhas
Makhleb
Nemelex Xobeh
Qazlal
Trog
Zin

Shops:
D:5 *


Innate Abilities, Weirdness & Mutations

You are too large for most types of armour.
You have claws for hands.
Your metabolism is lightning-fast.
You like to eat raw meat.
You heal very quickly.
You are covered in fur (AC +1).
You have very tough skin (AC +2).


Message History

The killer bee stings you but does no damage. x2
The killer bee stings you.
* * * LOW HITPOINT WARNING * * *
You are poisoned.
The killer bee poisons you!
The killer bee is engulfed in freezing vapours.
The killer bee stings you.
* * * LOW HITPOINT WARNING * * *
The killer bee completely misses you.
The killer bee is struck by lightning.
You kill the killer bee!
Qazlal accepts your kill. The killer bee stings you.
* * * LOW HITPOINT WARNING * * *
The killer bee is engulfed in freezing vapours.
The killer bee completely misses you.
Unknown command.
Read which item? (? for menu, Esc to quit)
As you read the scroll of teleportation, it crumbles to dust.
You feel strangely unstable.
You feel sick. The killer bee stings you!
You die...

,,,,,,,***,,,,,*******#.#** #.##.
,,,,,,,*****###########.#####.##.
*****,,,,,,......................
*,**,,.......######.#####..†.
*,**,........# #.## ##[#.
*,**,,,......######..# #.#.
*,*****+#....#.......## #.##
*,**,,,,#...y#........# #.#
*,**+***#..y@#.§....#.####.#
*,*,,,,,#..y†'......+......#
*,+,,,,,######......##.#####
***,,,,,* #......##..# *,,,,,*
#......###.## *,,,,,*
#......###..## *,,,,,*
#............# *,,,,,*
#######......# ******* #......#


You could see 3 killer bees.

Vanquished Creatures
  Grinder (D:4)
  A water moccasin (D:4)
  A black bear (D:4)
  An ogre (D:5)
  A giant frog (D:2)
  A scorpion (D:4)
  2 killer bees (D:5)
  A crimson imp (D:5)
  A jelly (D:5)
  An orc priest (D:5)
  A hound (D:4)
  2 iguanas
  A worker ant (D:4)
  Robin (D:3)
  7 gnolls
  12 adders
  3 worms
  2 giant geckos
  2 oozes
  9 orcs
  4 ball pythons
  A giant cockroach (D:2)
  14 goblins
  14 hobgoblins
  5 jackals
  5 quokkas
  21 bats
  3 giant newts
  9 kobolds
  11 rats
138 creatures vanquished.

Notes
Turn   | Place    | Note
--------------------------------------------------------------
     0 | D:1      | EmilioHeskey, the Troll Monk, began the quest for the Orb.
     0 | D:1      | Reached XP level 1. HP: 22/22 MP: 1/1
   301 | D:1      | Reached XP level 2. HP: 27/29 MP: 1/1
   633 | D:2      | Reached XP level 3. HP: 23/36 MP: 2/2
   744 | D:2      | Reached XP level 4. HP: 25/45 MP: 2/2
  1108 | D:3      | Found a bloodstained altar of Trog.
  1113 | D:3      | Noticed a giant frog
  1387 | D:2      | Killed a giant frog
  1387 | D:2      | Reached XP level 5. HP: 20/53 MP: 2/2
  1678 | D:3      | Noticed Robin
  1688 | D:3      | Killed Robin
  1760 | D:3      | Reached skill level 5 in Unarmed Combat
  1766 | D:3      | Found a shattered altar of Ashenzari.
  1847 | D:3      | Reached XP level 6. HP: 62/62 MP: 3/3
  2271 | D:4      | Noticed a water moccasin
  2281 | D:4      | Killed a water moccasin
  2281 | D:4      | Reached XP level 7. HP: 48/71 MP: 3/3
  2363 | D:4      | Found a stormy altar of Qazlal.
  2388 | D:4      | Became a worshipper of Qazlal Stormbringer
  2388 | D:4      | Acquired Qazlal's first power
  2388 | D:4      | Acquired Qazlal's second power
  2678 | D:4      | Noticed Grinder
  2683 | D:4      | Paralysed by Grinder for 4 turns
  2685 | D:4      | Killed Grinder
  2685 | D:4      | Reached skill level 5 in Dodging
  2685 | D:4      | Reached skill level 6 in Unarmed Combat
  2863 | D:4      | Found a sparkling altar of Nemelex Xobeh.
  2882 | D:5      | Entered Level 5 of the Dungeon
  2883 | D:5      | Found a blossoming altar of Fedhas.
  2895 | D:5      | Found a burning altar of Makhleb.
  2900 | D:5      | Reached skill level 5 in Fighting
  2941 | D:5      | Reached XP level 8. HP: 80/80 MP: 3/3
  3030 | D:5      | Found Zin's Purification Station.
  3043 | D:5      | Reached skill level 1 in Invocations
  3047 | D:5      | Found a glowing silver altar of Zin.
  3165 | D:5      | Slain by a killer bee

Action                   |  1- 3 |  4- 6 |  7- 9 || total
-------------------------+-------+-------+-------++-------
Melee: Unarmed           |    89 |   179 |    95 ||   363
  Use: Potion            |       |     1 |     3 ||     4
       Scroll            |       |       |    11 ||    11
 Stab: Sleeping          |     1 |       |     1 ||     2
       Fleeing           |       |     1 |       ||     1
  Eat: Chunk             |     3 |    12 |     6 ||    21
       Bread ration      |       |     1 |       ||     1
